 Dungeon Crawl Stone Soup version 0.30-a0-881-g1ff12e1e11 (webtiles) character file.

Game seed: 14912132424804689187

283 Newt the Cutter (level 6, -1/48 HPs)
             Began as a Demonspawn Gladiator on Mar 14, 2023.
             Was an Initiate of Okawaru.
             Slain by Pikel
             ... wielding a +1 whip of flaming
              (8 damage)
             ... on level 4 of the Dungeon.
             The game lasted 00:03:49 (3286 turns).

Newt the Cutter (Demonspawn Gladiator)              Turns: 3286, Time: 00:03:49

Health: -1/48      AC:  5    Str: 16    XL:     6   Next: 7%
Magic:  6/6        EV: 12    Int: 10    God:    Okawaru [......]
Gold:   126        SH:  0    Dex: 14    Spells: 5/5 levels left

rFire   . . .      SeeInvis .    a - +1 rapier
rCold   . . .      Faith    .    (no shield)
rNeg    . . .      Spirit   .    b - +0 leather armour
rPois   .          Reflect  .    (helmet restricted)
rElec   .          Rampage  .    f - scarf {repulsion}
rCorr   .                        (no gloves)
Will    .....                    k - +1 pair of boots
Stlth   ++                       l - amulet of the acrobat
HPRegen 0.28/turn                (no ring)
MPRegen 0.10/turn                (no ring)

@: mighty, repel missiles
A: demonic magic 1, weakness stinger 2, beak
a: Renounce Religion


You were on level 4 of the Dungeon.
You worshipped Okawaru.
Okawaru was noncommittal.
You visited 1 branch of the dungeon, and saw 4 of its levels.

You collected 126 gold pieces.

Inventory:

Hand Weapons
 a - a +1 rapier (weapon)
Missiles
 i - 5 poisoned darts (quivered)
 r - 3 silver javelins
Armour
 b - a +0 leather armour (worn)
 c - a +0 helmet
 f - a scarf of repulsion (worn)
 k - a +1 pair of boots (worn)
Jewellery
 l - an amulet of the acrobat (around neck)
 n - a ring of ice
Scrolls
 j - 2 scrolls of enchant armour
 o - 2 scrolls of teleportation
 s - a scroll of fear
Potions
 m - a potion of degeneration
 p - a potion of haste {unknown}
 q - a potion of resistance {unknown}


   Skills:
 - Level 4.0 Fighting
 - Level 5.0 Short Blades
 - Level 1.7 Throwing
 + Level 0.4 Armour
 - Level 2.6 Dodging
 - Level 1.5 Stealth


You had 5 spell levels left.
You didn't know any spells.
Your spell library contained the following spells:

 Spells                   Type           Power      Damage    Failure   Level
 Magic Dart               Conj           0%         1d3       43%         1
 Searing Ray              Conj           0%         2d4       56%         2
 Fulminant Prism          Conj/Hex       0%         3d5       99%         4


Dungeon Overview and Level Annotations

Branches:
Dungeon (4/15)
 Temple: D:4-7

Altars:
Okawaru
Vehumet

Annotations:
D:4 Pikel


Innate Abilities, Weirdness & Mutations

Spells you cast may paralyse adjacent enemies.
You have a tail ending in a sharp stinger.
You have a beak for a mouth.


Message History

Pikel hits you with a +1 whip of flaming.
Pikel burns you.
Unknown command.
Throw: 4 javelins (silver)
Press: ? - help, Shift-Dir - straight line, f/p - Pikel
Aim: Pikel, wielding a +1 whip of flaming and wearing a +0 robe (heavily wounded, 53% to hit)
You throw a silver javelin. The silver javelin barely misses Pikel.
The silver javelin pierces through the adder!
The adder is almost dead.
The silver javelin barely misses the lemure.
The silver javelin pierces through the endoplasm!
You kill the endoplasm!
Okawaru accepts your kill. Pikel closely misses you.
Unknown command.
Unknown command.
Throw: javelin
Press: ? - help, Shift-Dir - straight line, f/p - Pikel
Aim: Pikel, wielding a +1 whip of flaming and wearing a +0 robe (heavily wounded, 53% to hit)
You throw a javelin. The javelin barely misses Pikel.
The javelin barely misses the adder.
The javelin pierces through the lemure but does no damage.
The javelin pierces through the lemure!
The lemure is moderately wounded.
Pikel hits you with a +1 whip of flaming.
* * * LOW HITPOINT WARNING * * *
Pikel burns you.
* * * LOW HITPOINT WARNING * * *
Unknown command.
Unknown command.
You hit Pikel.
Pikel is severely wounded.
Pikel hits you with a +1 whip of flaming.
* * * LOW HITPOINT WARNING * * *
Pikel burns you.
* * * LOW HITPOINT WARNING * * *
Okay, then.
You feel very mighty all of a sudden.
Pikel hits you with a +1 whip of flaming!
You die...

.. #.#.
..).... ##.
).... #
#(..5....
#.##.#......
#..555.5....
#S# #K#
#@#########
#.........#
#####
#########.#
#....
#.####.###
#......#
########


You could see Pikel, 3 lemures and an adder.

Vanquished Creatures
  A lemure (D:4)
  2 orc priests
  2 hounds (D:4)
  An iguana (D:3)
  6 adders
  A worm (D:4)
  2 dart slugs
  9 orcs
  11 endoplasms
  3 giant cockroaches
  4 goblins
  6 hobgoblins
  A quokka (D:1)
  3 ball pythons
  4 bats
  5 frilled lizards
  9 kobolds
  6 rats
76 creatures vanquished.

Notes
Turn   | Place    | Note
-------+----------+-------------------------------------------
     0 | D:1      | Newt the Demonspawn Gladiator began the quest for the Orb.
     0 | D:1      | Reached XP level 1. HP: 16/16 MP: 1/1
   102 | D:1      | Reached skill level 1 in Stealth
   179 | D:1      | Gained mutation: You have a small tail. [demonic ancestry]
   179 | D:1      | Reached XP level 2. HP: 10/22 MP: 2/2
   911 | D:2      | Gained mutation: You have a tail ending in a sharp stinger.
                  | [demonic ancestry]
   911 | D:2      | Reached XP level 3. HP: 25/29 MP: 3/3
  1477 | D:3      | Reached skill level 3 in Short Blades
  1477 | D:3      | Reached XP level 4. HP: 11/37 MP: 4/4
  1593 | D:3      | Gained mutation: You are clumsy. (Dex -2) [potion of
                  | mutation]
  1593 | D:3      | Gained mutation: You are weak. (Str -2) [potion of
                  | mutation]
  1593 | D:3      | Gained mutation: Your movements are slightly less
                  | encumbered by armour. (ER -2) [potion of mutation]
  1594 | D:3      | Lost mutation: You are clumsy. (Dex -2) [potion of
                  | mutation]
  1594 | D:3      | Lost mutation: Your movements are slightly less encumbered
                  | by armour. (ER -2) [potion of mutation]
  1594 | D:3      | Lost mutation: You are weak. (Str -2) [potion of mutation]
  1594 | D:3      | Gained mutation: You have a beak for a mouth. [potion of
                  | mutation]
  1621 | D:3      | Found a faded altar of an unknown god.
  2401 | D:2      | Gained mutation: Spells you cast may paralyse adjacent
                  | enemies. [demonic ancestry]
  2401 | D:2      | Reached XP level 5. HP: 42/42 MP: 5/5
  2413 | D:3      | Reached skill level 4 in Short Blades
  2478 | D:3      | Found a radiant altar of Vehumet.
  3087 | D:4      | Found an iron altar of Okawaru.
  3102 | D:4      | Reached skill level 5 in Short Blades
  3102 | D:4      | Reached XP level 6. HP: 35/48 MP: 6/6
  3108 | D:4      | Became a worshipper of Warmaster Okawaru
  3262 | D:4      | Noticed Pikel
  3286 | D:4      | Slain by Pikel

Illustrated notes

Levels and vault maps discovered:
D:1:      dreamdust_arrival_sigmund_warning, layout_loops_ring
D:2:      layout_rooms
D:3:      layout_rooms, lemuel_crystal_altar, basic_ecumenical_altar
D:4:      layout_loops_cross, okawaru_trees_2, roderic_serpentine_path,
          st_stairs_8, uniq_pikel

Skill      XL: |  1  2  3  4  5 |
---------------+----------------+-----
Stealth        | 1 |  1.5
Fighting       | 3 4 |  4.0
Short Blades   | 3 5 |  5.0
Throwing       | |  1.7
Armour         | |  0.4
Dodging        | |  2.6

Action                     |  1- 3 |  4- 6 || total
---------------------------+-------+-------++-------
  Melee: Rapier            |   134 |   140 ||   274
         Tailslap          |    14 |    28 ||    42
         Peck              |       |    30 ||    30
         Punch             |       |     2 ||     2
  Throw: Javelin           |     1 |     3 ||     4
         Throwing net      |       |     3 ||     3
    Use: Scroll            |     5 |     3 ||     8
         Potion            |       |     4 ||     4
   Stab: Sleeping          |     1 |     1 ||     2
         Distracted        |       |     1 ||     1
 Armour: Leather armour    |    42 |    37 ||    79
  Dodge: Dodged            |   108 |    83 ||   191
         Repelled          |     1 |       ||     1

Table legend: (Time is in decaauts)
 A = Elapsed time spent in this place.
 B = Non-inter-level travel time spent in this place.
 C = Inter-level travel time spent in this place.
 D = Time resting spent in this place.
 E = Time spent auto-exploring this place.
 F = Levels seen in this place.
 G = Mean time per level.
                   A        B        C        D        E       F      G
               +--------+--------+--------+--------+--------+-----+--------+
         Total |   3296 |   3203 |     93 |   1073 |   1500 |   4 |  824.0 |
       Dungeon |   3296 |   3203 |     93 |   1073 |   1500 |   4 |  824.0 |
               +--------+--------+--------+--------+--------+-----+--------+

Top non-repeatable levels by time:
     D:2: 1345 daAuts
     D:1: 883 daAuts
     D:3: 588 daAuts
     D:4: 479 daAuts
